 Dungeon Crawl Stone Soup version 0.26.1-11-gd32895ea62 (webtiles) character file.

Game seed: 17179266722194312130

55 Zeld the Grave Robber (level 3, -6/23 HPs)
             Began as an Octopode Necromancer on May 17, 2021.
             Mangled by an ogre
             ... wielding a +0 giant spiked club
              (29 damage)
             ... on level 2 of the Dungeon.
             The game lasted 00:10:34 (4736 turns).

Zeld the Grave Robber (Octopode Necromancer)        Turns: 4736, Time: 00:10:35

Health: -6/23      AC:  1    Str:  7    XL:     3   Next: 93%
Magic:  3/6        EV: 13    Int: 18    God:
Gold:   65         SH:  0    Dex: 12    Spells: 1/6 levels left

rFire    . . .     SeeInvis .   (no weapon)
rCold    . . .     Faith    .   (no shield)
rNeg     . . .     Spirit   .   (helmet restricted)
rPois    .         Reflect  .   (no amulet)
rElec    .         Harm     .   (no ring)
rCorr    .         Rampage  .   (no ring)
Will     .....                  (no ring)
Stlth    +++.......             (no ring)
HPRegen  0.07/turn              (no ring)
MPRegen  0.10/turn              (no ring)
                                (no ring)
                                (no ring)

@: no status effects
A: almost no armour, stealthy swim, amphibious, 8 rings, constrict 8, camouflage
1, gelatinous body 1
a: no special abilities


You were on level 2 of the Dungeon.
You visited 1 branch of the dungeon, and saw 2 of its levels.

You collected 65 gold pieces.

Inventory:

Wands
 j - a wand of disintegration (16)
 l - a wand of flame (12)
Scrolls
 a - a scroll of immolation {unknown}
 b - a scroll of noise {unknown}
 d - 2 scrolls of remove curse {unknown}
 e - a scroll of magic mapping {unknown}
 f - a scroll of identify {unknown}
 h - 2 scrolls of teleportation {unknown}
 i - 2 scrolls of fog {unknown}
Potions
 c - a potion of heal wounds {unknown}
 g - a potion of lignification {unknown}
 k - a potion of mutation {unknown}


   Skills:
 + Level 1.3 Fighting
 + Level 2.5 Dodging
 - Level 2.6 Stealth
 + Level 2.4 Spellcasting
 * Level 4.6 Necromancy


You had one spell level left.
You knew the following spells:

 Your Spells              Type           Power        Failure   Level
a - Pain                  Necr           72%          2%          1
b - Animate Skeleton      Necr           36%          2%          1
c - Vampiric Draining     Necr           9%           8%          3

Your spell library contained the following spells:

 Spells                   Type           Power        Failure   Level
 Animate Dead             Necr           9%           26%         4
 Agony                    Necr           18%          58%         5


Dungeon Overview and Level Annotations

Branches:
Dungeon (2/15)

Altars:

Annotations:
D:2 Robin


Innate Abilities, Weirdness & Mutations

You cannot wear most types of armour.
You are very stealthy in the water. (Stealth+)
You are amphibious.
You can wear up to eight rings at the same time.
You can use your tentacles to constrict eight enemies at once.
Your skin changes colour to match your surroundings (Stealth+).
Your rubbery body absorbs attacks. (AC +1, EV +1)


Message History

There is nothing nearby to animate!
Casting: Animate Skeleton (safe; 2% risk of failure)
Confirm with . or Enter, or press ? or * to list all spells.
Aiming: Pain (safe; 2% risk of failure)
Press: ? - help, Shift-Dir - straight line, f - ogre
Aim: an ogre, wielding a +0 giant spiked club (chance to affect: 78%)
The ogre writhes in agony.
Casting: Pain (safe; 2% risk of failure)
Confirm with . or Enter, or press ? or * to list all spells.
The spell is quite dangerous to cast (8% risk of failure)!
Continue anyway? [Y]es or [N]o only, please.
The spell is quite dangerous to cast (8% risk of failure)!
Continue anyway?
Aiming: Vampiric Draining (quite dangerous; 8% risk of failure)
Press: ? - help, Shift-Dir - straight line, f/p - ogre
Aim: an ogre, wielding a +0 giant spiked club (lightly wounded)
The ogre is heavily wounded.
You feel life coursing into your body.
The ogre hits you with a +0 giant spiked club!!
Ouch! That really hurt!
You die...

#.###.##..#######...
#.#...##..#.........
#.#.####..#.#####...
#.#.......#.# #..#
##.######.##.# #..#
#....<....##.# #..#
############.# #..#
#.O.......# #..#
#@######### #..# #.#
#...
#.#############.##
#...............#
#################


You could see an ogre.

Vanquished Creatures
  2 worms (D:2)
  6 bats
  A giant cockroach (D:1)
  9 goblins
  2 hobgoblins (D:2)
  4 jackals (D:1)
  7 kobolds
  A quokka (D:2)
  5 frilled lizards
  7 rats
44 creatures vanquished.

Vanquished Creatures (collateral kills)
  2 frilled lizards
2 creatures vanquished.

Grand Total: 46 creatures vanquished

Notes
Turn   | Place    | Note
-------+----------+-------------------------------------------
     0 | D:1      | Zeld the Octopode Necromancer began the quest for the Orb.
     0 | D:1      | Reached XP level 1. HP: 11/11 MP: 3/3
     2 | D:1      | Learned a level 1 spell: Animate Skeleton
   542 | D:1      | Reached XP level 2. HP: 17/18 MP: 3/5
  1401 | D:2      | Reached XP level 3. HP: 21/22 MP: 3/6
  1405 | D:2      | Learned a level 3 spell: Vampiric Draining
  1667 | D:2      | Noticed an ogre
  1990 | D:2      | Reached skill level 1 in Fighting
  4169 | D:2      | Noticed Robin
  4736 | D:2      | Mangled by an ogre

Illustrated notes

Levels and vault maps discovered:
D:1:      roderic_crossed_star, layout_rooms, minmay_misc_feat_iff
D:2:      layout_basic, overflow_temple_1_default, uniq_robin

Skill      XL: |  1  2  3 |
---------------+----------+-----
Fighting       | 1 |  1.3
Dodging        | |  2.5
Stealth        | |  2.6
Spellcasting   | |  2.4
Necromancy     | |  4.6

Action                   || total
-------------------------++-------
Melee: Unarmed           ||    28
       Constrict         ||     8
       Tentacles         ||     3
 Cast: Pain              ||    89
       Animate Skeleton  ||    12
       Vampiric Draining ||     2
Armor: Skin              ||     3
Dodge: Dodged            ||    31
